cohdb
Replays
Latest Replays
All Replays
Popular Replays
Top Player Replays
Match Explorer
How It Works
Community
CoH3 Stats
Reddit
Sign in to upload your games and track your stats! →
Sign in with Steam
Match 44585816
Unlisted
Match 44585816
Overview
Messages
Build Orders
End
Vickers Machine Gun Team
Construct Section Command Post
Infantry Section
Dingo Light Scout Car
Infantry Section
Selects Heavy Armor Battlegroup
Selects Light Vehicle Withdraw and Refit
Construct Platoon Command Post
Humber Armored Car
Humber Armored Car
Unlock M3 Stuart Light Tanks
Construct Field Infirmary
Selects UNKNOWN (202330)
M3 Stuart Light Tank
Royal Engineer Section
Selects Rigorous Vehicle Training
Selects Forward Repair Assembly
mediator
KONG
RockingRuler
Joraad
Sredni Vashtar
HarrisonSearles
0
0
Comments
sign in to comment!
No comments posted yet!